 Dungeon Crawl Stone Soup version bcrawl-1.14 (webtiles) character file.

Game seed: 16495500573176450061

124 Riddle the Magician (level 5, -4/41 HPs)
             Began as an Oni Wizard on Sept 11, 2019.
             Killed from afar by Sigmund (11 damage)
             ... with a puff of flame
             ... on level 2 of the Dungeon on Sept 12, 2019.
             The game lasted 00:11:44 (2742 turns).

Riddle the Magician (Oni Wizard)                    Turns: 2742, Time: 00:11:45

Health: -4/41      AC:  2    Str: 11    XL:     5   Next: 8%
Magic:  3/11       EV: 12    Int: 20    God:
Gold:   145        SH:  0    Dex:  9    Spells: 3/10 levels left

rFire    . . .     SeeInvis .   a - +0 staff
rCold    . . .     Gourm    .   (no shield)
rNeg     . . .     Faith    .   k - +0 robe
rPois    .         Spirit   .   c - +0 hat
rElec    .         Reflect  .   (no cloak)
rCorr    .         Harm     .   (no gloves)
MR       .....                  (no boots)
Stlth    ++........             (no amulet)
HPRegen  0.13/turn              (no ring)
MPRegen  0.12/turn              (no ring)

@: very slightly contaminated
A: oni magic, claws 1, fangs 1, horns 1
a: no special abilities


You were on level 2 of the Dungeon.
You were hungry.

You visited 1 branch of the dungeon, and saw 3 of its levels.

You collected 145 gold pieces.

Inventory:

Hand Weapons
 a - a +0 staff (weapon)
Missiles
 b - 73 javelins of penetration (quivered)
Armour
 c - a +0 hat (worn)
 k - a +0 robe (worn)
Scrolls
 e - a scroll of enchant armour {unknown}
 g - a scroll of fog {unknown}
 h - 2 scrolls of identify {unknown}
 i - a scroll of remove curse {unknown}
Potions
 d - 2 potions of heal wounds {unknown}
Comestibles
 f - 6 rations {!d}


   Skills:
 + Level 1.7 Fighting
 + Level 1.7 Staves
 + Level 2.5 Dodging
 - Level 1.7 Stealth
 * Level 3.0 Spellcasting


You had 3 spell levels left.
You knew the following spells:

 Your Spells              Type           Power        Failure   Level  Hunger
a - Magic Dart            Conj           ###.         3%          1    None
b - Conjure Flame         Conj/Fire      ###.....     12%         3    ###....
c - Mephitic Cloud        Conj/Pois/Air  ##......     13%         3    ###....

Your spell library contained the following spells:

 Spells                   Type           Power        Failure   Level  Hunger
 Slow                     Hex            ###.....     3%          1    None
 Summon Small Mammal      Summ           ###.         3%          1    None
 Blink                    Tloc           N/A          4%          2    ##.....
 Call Imp                 Summ           ###.....     4%          2    ##.....
 Poisonous Vapours        Pois/Air       ###...       6%          2    ##.....


Dungeon Overview and Level Annotations

Branches:
Dungeon (3/12)

Altars:

Annotations:
D:2 Sigmund, Terence


Innate Abilities, Weirdness & Mutations

You learn spells by gaining experience, not through books or religion.
You only train spellcasting to practice magic.
You have sharp fingernails.
You have very sharp teeth.
You have a pair of small horns on your head.


Message History

A worm is nearby!
A mysterious force pulls you upwards. The hatch slams shut behind you.
Level annotation: Sigmund, Terence You start resting.
Sigmund is too close now for your liking.
Sigmund hits you from afar with a +0 scythe!
Sigmund says, "Your kind have come here before.
I understand now why.
You desire death..."
Sigmund asks, "Do you like me?" Sigmund gestures at you while chanting.
The puff of flame hits you!
* * * LOW HITPOINT WARNING * * *
Sigmund points at you and mumbles some strange words.
The puff of flame hits you!
* * * LOW HITPOINT WARNING * * *
Sigmund casts a spell.
Sigmund flickers and vanishes!
Deactivating autopickup; reactivate with Ctrl-A.
A puff of flame appears from out of thin air!
The puff of flame hits you!
You die...

#########
####.......########
##..............#... #####
#..@................ #...#
#...........###.#.## #...#
#.#.#######.# #.#.# #...#
#.#.#######.###.#.##
#...####.#.##..........#.##
#........#.##.........<..##
#...######{##..........####
#......@...................
###....#.#.##.......(..####


There were no monsters in sight!

Vanquished Creatures
  2 orc wizards (D:3)
  An ooze (D:3)
  4 dart slugs
  A leopard gecko (D:2)
  4 orcs (D:3)
  7 bats
  3 giant cockroaches
  7 goblins
  5 hobgoblins
  3 jackals (D:1)
  A quokka (D:3)
  2 ball pythons (D:1)
  4 frilled lizards
  5 kobolds
  3 rats
52 creatures vanquished.

Notes
Turn   | Place    | Note
-------+----------+-------------------------------------------
     0 | D:1      | Riddle the Oni Wizard began the quest for the Orb.
     0 | D:1      | Reached XP level 1. HP: 14/14 MP: 5/5
   204 | D:1      | Reached XP level 2. HP: 22/22 MP: 5/7
   648 | D:1      | Reached XP level 3. HP: 27/27 MP: 4/8
   662 | D:1      | Reached skill level 1 in Fighting
   664 | D:1      | Reached skill level 1 in Staves
  1417 | D:2      | Learned a level 3 spell: Conjure Flame
  2100 | D:2      | Noticed Terence
  2430 | D:2      | Learned a level 3 spell: Mephitic Cloud
  2435 | D:2      | Noticed Sigmund
  2511 | D:3      | Reached XP level 4. HP: 26/35 MP: 1/10
  2701 | D:3      | Reached skill level 3 in Spellcasting
  2701 | D:3      | Reached XP level 5. HP: 24/41 MP: 0/11
  2742 | D:2      | Killed from afar by Sigmund

Skill      XL: |  1  2  3  4 |
---------------+-------------+-----
Dodging        | 2 |  2.5
Fighting       | 1 |  1.7
Staves         | 1 |  1.7
Spellcasting   | 3 |  3.0
Stealth        | |  1.7

Action                   |  1- 3 |  4- 6 || total
-------------------------+-------+-------++-------
Melee: Staff             |    16 |    19 ||    35
       Headbutt          |     1 |     3 ||     4
       Bite              |     1 |     4 ||     5
Throw: Javelin           |     4 |       ||     4
 Cast: Magic Dart        |    97 |    16 ||   113
       Conjure Flame     |     1 |       ||     1
       Mephitic Cloud    |       |     2 ||     2
  Eat: Chunk             |     5 |       ||     5
Armor: Animal skin       |     9 |       ||     9
       Robe              |    12 |     1 ||    13
Dodge: Dodged            |    25 |     6 ||    31
